Sasquatch vs Sewer Rats
Created - 28 février 2016 at 20:01
Goals
|
| Sasquatch |
3 |
2 |
0 |
0 |
1 |
5 |
| Sewer Rats |
0 |
4 |
1 |
0 |
2 |
6 |
|
Shots
|
| Sasquatch |
12 |
14 |
5 |
0 |
3 |
31 |
| Sewer Rats |
10 |
16 |
4 |
1 |
2 |
31 |
|
1st period
1. Sasquatch , Linus Omark 29 (Kevin Porter, Josh Bailey) at 5:47
2. Sasquatch , D.J King 36 (Derek Stepan, Drew Shore) at 9:37
3. Sasquatch , Nick Leddy 11 (Derek Stepan, D.J King) at 17:25 (PP)
Penalties :
Linus Omark (Gat) for Cross-checking (Minor) at 14:22, Patrick Bordeleau (Tol) for Hooking (Minor) at 17:18
2nd period
4. Sewer Rats , Mark Mancari 30 (Brandon Sutter) at 3:32
5. Sewer Rats , Vojtech Polak 20 (Mark Mancari, Matt Lashoff) at 5:42
6. Sewer Rats , Nick Palmieri 32 (Ville Leino, Peter Mueller) at 8:07 (PP)
7. Sewer Rats , Nick Palmieri 33 (Peter Mueller, Kyle Quincey) at 10:35
8. Sasquatch , Linus Omark 30 (Kevin Porter, Matt D'Agostini) at 12:31
9. Sasquatch , Kevin Porter 30 (Matt D'Agostini, Linus Omark) at 19:00
Penalties :
Cameron Schilling (Gat) for Holding (Minor) at 8:03
3rd period
10. Sewer Rats , Ville Leino 33 (Peter Mueller) at 5:17 (PP)
Penalties :
Derek Stepan (Gat) for Roughing (Double Minor) at 5:09, Drew Shore (Gat) for Interference (Minor) at 19:30
Overtime #1
No Goal
Penalties :
No Penalty
Shootout
Penalty Shot by Cam Atkinson for Sasquatch - Stopped by Cédric Desjardins
Penalty Shot by Ville Leino for Sewer Rats - Goal!
Penalty Shot by Linus Omark for Sasquatch - Goal!
Penalty Shot by Peter Mueller for Sewer Rats - Goal!
Penalty Shot by Matt D'Agostini for Sasquatch - Stopped by Cédric Desjardins
Penalties :
No Penalty
Goalie Stats
Braden Holtby (Gat), 26 saves from 31 shots - (0,839), OTL, 21-18-1, 65:00 minutes
Cédric Desjardins (Tol), 26 saves from 31 shots - (0,839), W, 11-9-0, 65:00 minutes
Players Stats for Sasquatch
Player Name G A P +/- PIM S H SB GA TA FO MP PP MP PK MP
------------------------------------------------------------------------------------
Arturs Kulda 0 0 0 2 0 1 0 0 0 1 0/0 18:45 0:00 2:21
Brock Trotter 0 0 0 0 0 2 1 0 0 0 1/1 11:42 0:00 1:20
Cam Atkinson 0 0 0 -1 0 0 0 1 0 0 1/2 18:27 0:07 0:00
Cameron Schilling 0 0 0 0 2 1 1 0 0 2 0/0 22:16 0:00 1:29
D.J King 1 1 2 -1 0 3 2 0 2 0 0/1 21:59 0:07 2:48
Derek Stepan 0 2 2 -1 4 5 1 1 0 1 10/26 20:36 0:07 0:52
Drew Shore 0 1 1 0 2 5 1 1 0 0 4/5 13:35 0:00 1:37
Ian Cole 0 0 0 2 0 1 0 2 0 1 0/0 18:30 0:00 0:13
Jesper Fast 0 0 0 0 0 0 1 0 0 0 0/0 8:59 0:00 0:00
Josh Bailey 0 1 1 0 0 1 2 0 0 0 0/1 11:55 0:00 0:00
Kevin Klein 0 0 0 -1 0 1 3 3 1 0 0/0 25:01 0:07 4:10
Kevin Porter 1 2 3 2 0 4 4 0 0 2 5/13 19:55 0:00 2:42
Linden Vey 0 0 0 0 0 0 0 1 0 0 0/0 10:50 0:00 0:00
Linus Omark 2 1 3 2 2 3 0 0 0 0 0/1 17:57 0:00 0:00
Matt D'Agostini 0 2 2 2 0 0 2 1 0 0 0/0 17:52 0:00 0:40
Nick Leddy 1 0 1 -1 0 3 2 0 0 1 0/0 22:46 0:07 1:32
Tyler Toffoli 0 0 0 0 0 1 0 0 0 0 0/3 10:01 0:00 0:49
Yann Sauvé 0 0 0 0 0 0 2 2 1 0 0/0 22:41 0:00 2:33
Players Stats for Sewer Rats
Player Name G A P +/- PIM S H SB GA TA FO MP PP MP PK MP
------------------------------------------------------------------------------------
Brandon Sutter 0 1 1 1 0 3 4 0 1 0 8/10 20:06 1:29 0:00
Derek Dorsett 0 0 0 0 0 1 0 0 0 0 0/0 8:19 0:26 0:00
Jared Boll 0 0 0 -1 0 2 2 0 0 1 0/0 15:05 0:37 0:00
Jarred Tinordi 0 0 0 0 0 1 0 0 0 0 0/0 5:19 0:00 0:00
Jonathan Paiement 0 0 0 0 0 0 0 2 0 0 0/0 16:21 0:00 0:00
Kyle Quincey 0 1 1 -3 0 1 3 1 0 2 0/0 19:54 1:18 0:00
Kyle Turris 0 0 0 -1 0 1 0 0 0 0 1/3 12:49 0:11 0:00
Lars Eller 0 0 0 0 0 0 1 0 0 0 1/2 6:38 0:00 0:00
Mark Mancari 1 1 2 1 0 7 5 0 4 0 0/0 21:24 1:29 0:00
Matt Lashoff 0 1 1 2 0 0 0 2 0 0 0/0 24:19 3:21 0:07
Mattias Ekholm 0 0 0 0 0 0 0 1 0 0 0/0 15:28 0:00 0:00
Nick Palmieri 2 0 2 -1 0 5 0 0 0 0 2/3 20:29 2:33 0:00
Patrick Bordeleau 0 0 0 -1 2 0 2 0 0 0 0/0 12:48 0:11 0:00
Peter Mueller 0 3 3 -1 0 3 2 2 1 0 18/29 21:16 2:33 0:07
Ryan Maki 0 0 0 -1 0 0 0 0 0 0 0/0 5:51 0:26 0:00
Steven Kampfer 0 0 0 -3 0 0 2 4 0 0 0/0 19:54 1:18 0:00
Tim Ramholt 0 0 0 2 0 2 3 2 0 0 0/0 28:45 3:21 0:07
Ville Leino 1 1 2 0 0 3 1 0 2 0 1/4 24:36 2:33 0:07
Vojtech Polak 1 0 1 1 0 2 0 0 0 1 1/2 20:31 1:29 0:00
3 Stars
1 - Kevin Porter (Gat)
2 - Linus Omark (Gat)
3 - Mark Mancari (Tol)
Power Play
Sasquatch - 1 on 1 Attempt(s) - 100,00%
Sewer Rats - 2 on 5 Attempt(s) - 40,00%
Penalty Kill
Sasquatch - 3 on 5 Attempt(s) - 60,00%
- Score 0 goal in Penalty Kill
Sewer Rats - 0 on 1 Attempt(s) - 0,00%
- Score 0 goal in Penalty Kill
Team Stat
Sasquatch - Hits : 22 - Faceoff Wins : 21 - Blocked Shots : 12 - Penalty Minutes : 10
Sewer Rats - Hits : 25 - Faceoff Wins : 32 - Blocked Shots : 14 - Penalty Minutes : 2
Official
Referees : Kozari Steve and Pochmara Brian
Linesman : Scott Driscoll and Tony Sericolo
Game Notes
No Game Note
Finance
Level 1 -- Attendance: 1494 (74,70%) -- Ticket Income 44 820 $
Level 2 -- Attendance: 682 (68,20%) -- Ticket Income 8 184 $
Total Attendance: 2176 (72,53%)
Total Ticket Income: 53 004 $
Other Income: 2 650 $
Total Income: 55 654 $
Sasquatch
5 vs 5 Forward
Center Left Wing Right Wing Time % Phy DF OF
1 Derek Stepan D.J King Cam Atkinson 40 1 2 2
2 Kevin Porter Linus Omark Matt D'Agostini 30 1 2 2
3 Drew Shore Josh Bailey Linden Vey 20 1 2 2
4 Tyler Toffoli Brock Trotter Jesper Fast 10 1 2 2
5 vs 5 Defense
Defense Defense Time % Phy DF OF
1 Kevin Klein Nick Leddy 40 1 2 2
2 Yann Sauvé Cameron Schilling 30 1 2 2
3 Arturs Kulda Ian Cole 20 1 2 2
4 Arturs Kulda Ian Cole 10 1 2 2
PowerPlay Forward
Center Left Wing Right Wing Time % Phy DF OF
1 Derek Stepan D.J King Cam Atkinson 60 1 2 2
2 Kevin Porter Linus Omark Matt D'Agostini 40 1 2 2
PowerPlay Defense
Defense Defense Time % Phy DF OF
1 Kevin Klein Nick Leddy 60 1 2 2
2 Yann Sauvé Cameron Schilling 40 1 2 2
Penalty Kill 4 Players Forward
Center Wing Time % Phy DF OF
1 Kevin Porter D.J King 60 1 2 2
2 Derek Stepan Linus Omark 40 1 2 2
Penalty Kill 4 Players Defense
Defense Defense Time % Phy DF OF
1 Kevin Klein Yann Sauvé 60 1 2 2
2 Cameron Schilling Arturs Kulda 40 1 2 2
Penalty Kill - 3 Players Forward
Forward Time % Phy DF OF
1 Kevin Porter 60 1 2 2
2 Derek Stepan 40 1 2 2
Penalty Kill - 3 Players Defense
Defense Defense Time % Phy DF OF
1 Kevin Klein Cameron Schilling 60 1 2 2
2 Arturs Kulda Yann Sauvé 40 1 2 2
4 vs 4 Forward
Center Wing Time % Phy DF OF
1 Derek Stepan Brock Trotter 60 1 2 2
2 Kevin Porter Linus Omark 40 1 2 2
4 vs 4 Defense
Defense Defense Time % Phy DF OF
1 Kevin Klein Yann Sauvé 60 1 2 2
2 Cameron Schilling Ian Cole 40 1 2 2
Last Minutes Offensive
Center Left Wing Right Wing Defense Defense
Derek Stepan D.J King Cam Atkinson Kevin Klein Nick Leddy
Last Minutes Defensive
Center Left Wing Right Wing Defense Defense
Kevin Porter D.J King Cam Atkinson Kevin Klein Yann Sauvé
Goaltenders
Starting : Braden Holtby
Backup : Jake Allen
Extra Forwards
Normal : Josh Bailey, Drew Shore, Linus Omark - PP : Josh Bailey, Drew Shore - PK : Matt D'Agostini
Extra Defensemen
Normal : Yann Sauvé, Kevin Klein, Nick Leddy - PP : Yann Sauvé - PK : Cameron Schilling, Nick Leddy
Penalty Shots
Cam Atkinson, Linus Omark, Matt D'Agostini, Brock Trotter, Kevin Porter
Sewer Rats
5 vs 5 Forward
Center Left Wing Right Wing Time % Phy DF OF
1 Peter Mueller Ville Leino Nick Palmieri 40 1 2 2
2 Brandon Sutter Vojtech Polak Mark Mancari 30 1 2 2
3 Kyle Turris Patrick Bordeleau Jared Boll 20 1 2 2
4 Lars Eller Ville Leino Derek Dorsett 10 1 2 2
5 vs 5 Defense
Defense Defense Time % Phy DF OF
1 Tim Ramholt Matt Lashoff 40 1 2 2
2 Kyle Quincey Steven Kampfer 30 1 2 2
3 Jonathan Paiement Mattias Ekholm 20 1 2 2
4 Jarred Tinordi Tim Ramholt 10 1 2 2
PowerPlay Forward
Center Left Wing Right Wing Time % Phy DF OF
1 Peter Mueller Ville Leino Nick Palmieri 60 1 2 2
2 Brandon Sutter Vojtech Polak Mark Mancari 40 1 2 2
PowerPlay Defense
Defense Defense Time % Phy DF OF
1 Tim Ramholt Matt Lashoff 60 1 2 2
2 Kyle Quincey Steven Kampfer 40 1 2 2
Penalty Kill 4 Players Forward
Center Wing Time % Phy DF OF
1 Ville Leino Peter Mueller 60 1 2 2
2 Nick Palmieri Mark Mancari 40 1 2 2
Penalty Kill 4 Players Defense
Defense Defense Time % Phy DF OF
1 Tim Ramholt Matt Lashoff 60 1 2 2
2 Kyle Quincey Steven Kampfer 40 1 2 2
Penalty Kill - 3 Players Forward
Forward Time % Phy DF OF
1 Ville Leino 60 1 2 2
2 Peter Mueller 40 1 2 2
Penalty Kill - 3 Players Defense
Defense Defense Time % Phy DF OF
1 Tim Ramholt Matt Lashoff 60 1 2 2
2 Kyle Quincey Steven Kampfer 40 1 2 2
4 vs 4 Forward
Center Wing Time % Phy DF OF
1 Ville Leino Peter Mueller 60 1 2 2
2 Nick Palmieri Mark Mancari 40 1 2 2
4 vs 4 Defense
Defense Defense Time % Phy DF OF
1 Tim Ramholt Matt Lashoff 60 1 2 2
2 Kyle Quincey Steven Kampfer 40 1 2 2
Last Minutes Offensive
Center Left Wing Right Wing Defense Defense
Peter Mueller Ville Leino Nick Palmieri Tim Ramholt Matt Lashoff
Last Minutes Defensive
Center Left Wing Right Wing Defense Defense
Peter Mueller Ville Leino Nick Palmieri Tim Ramholt Matt Lashoff
Goaltenders
Starting : Cédric Desjardins
Backup : Jhonas Enroth
Extra Forwards
Normal : Ryan Maki, Jared Boll, Derek Dorsett - PP : Ryan Maki, Jared Boll - PK : Derek Dorsett
Extra Defensemen
Normal : Jonathan Paiement, Mattias Ekholm, Jarred Tinordi - PP : Jonathan Paiement - PK : Mattias Ekholm, Jarred Tinordi
Penalty Shots
Ville Leino, Peter Mueller, Nick Palmieri, Mark Mancari, Brandon Sutter
% Time on Ice - Sasquatch
Lines # - Real PCT - Wanted PCT - Time Play
Normal Forward
1 - 34% - 40% - 18:34
2 - 31% - 30% - 17:02
3 - 19% - 20% - 10:39
4 - 16% - 10% - 8:59
Normal Defense
1 - 36% - 40% - 19:53
2 - 35% - 30% - 19:32
3 - 20% - 20% - 10:58
4 - 9% - 10% - 4:51
PP Forward
1 - 100% - 60% - 0:07
2 - 0% - 40% - 0:00
PP Defense
1 - 100% - 60% - 0:07
2 - 0% - 40% - 0:00
PK Forward
1 - 89% - 60% - 4:08
2 - 11% - 40% - 0:31
PK Defense
1 - 66% - 60% - 3:03
2 - 34% - 40% - 1:36
PK3 Forward
1 - 77% - 60% - 1:09
2 - 23% - 40% - 0:21
PK3 Defense
1 - 50% - 60% - 0:45
2 - 50% - 40% - 0:45
44 Forward
1 - 93% - 60% - 3:16
2 - 7% - 40% - 0:14
44 Defense
1 - 40% - 60% - 1:24
2 - 60% - 40% - 2:06
Last Minute Offensive - 0:00
Last Minute Defensive - 0:00
Total
Forward - 65:00
Defense - 65:00
|
% Time on Ice - Sewer Rats
Lines # - Real PCT - Wanted PCT - Time Play
Normal Forward
1 - 31% - 40% - 16:51
2 - 35% - 30% - 19:07
3 - 23% - 20% - 12:38
4 - 12% - 10% - 6:38
Normal Defense
1 - 34% - 40% - 18:41
2 - 30% - 30% - 16:34
3 - 27% - 20% - 14:47
4 - 9% - 10% - 5:12
PP Forward
1 - 68% - 60% - 3:10
2 - 32% - 40% - 1:29
PP Defense
1 - 72% - 60% - 3:21
2 - 28% - 40% - 1:18
PK Forward
1 - 100% - 60% - 0:07
2 - 0% - 40% - 0:00
PK Defense
1 - 100% - 60% - 0:07
2 - 0% - 40% - 0:00
PK3 Forward
1 - 0% - 60%
2 - 0% - 40%
PK3 Defense
1 - 0% - 60%
2 - 0% - 40%
44 Forward
1 - 74% - 60% - 3:43
2 - 26% - 40% - 1:17
44 Defense
1 - 50% - 60% - 2:31
2 - 50% - 40% - 2:29
Last Minute Offensive - 0:00
Last Minute Defensive - 0:00
Total
Forward - 65:00
Defense - 65:00
|
Play by Play
1st period
0:01 of 1st period - Peter Mueller wins face-off versus Derek Stepan in neutral zone.
0:19 of 1st period - Icing by Cam Atkinson.
0:20 of 1st period - Brandon Sutter wins face-off versus Derek Stepan in Sasquatch zone.
0:21 of 1st period - Snap shot by Mark Mancari.
0:21 of 1st period - Stopped by Braden Holtby without a rebound.
0:22 of 1st period - Kevin Porter wins face-off versus Vojtech Polak in Sasquatch zone.
0:33 of 1st period - Wrist shot by Matt D'Agostini.
0:33 of 1st period - Shot Blocked by Steven Kampfer.
0:41 of 1st period - Cameron Schilling is hit by Mark Mancari and loses puck.
1:42 of 1st period - Snap shot by Tyler Toffoli.
1:42 of 1st period - Shot Blocked by Jonathan Paiement.
1:44 of 1st period - Backhand shot by Arturs Kulda.
1:44 of 1st period - Stopped by Cédric Desjardins without a rebound.
1:45 of 1st period - Derek Stepan wins face-off versus Lars Eller in Sewer Rats zone.
1:48 of 1st period - Backhand shot by Derek Stepan.
1:48 of 1st period - Shot Misses the Net.
1:50 of 1st period - Snap shot by Derek Stepan.
1:50 of 1st period - Stopped by Cédric Desjardins without a rebound.
1:51 of 1st period - Lars Eller wins face-off versus Derek Stepan in Sewer Rats zone.
2:02 of 1st period - Snap shot by Derek Dorsett.
2:02 of 1st period - Stopped by Braden Holtby without a rebound.
2:03 of 1st period - Ville Leino wins face-off versus Kevin Porter in Sasquatch zone.
2:18 of 1st period - Snap shot by Peter Mueller.
2:18 of 1st period - Deflect By Linus Omark.
2:18 of 1st period - Stopped by Braden Holtby without a rebound.
2:19 of 1st period - Derek Stepan wins face-off versus Kyle Turris in Sasquatch zone.
2:34 of 1st period - Slapshot by Nick Leddy.
2:34 of 1st period - Stopped by Cédric Desjardins with a rebound.
3:06 of 1st period - Kevin Porter is hit by Mark Mancari and loses puck.
3:51 of 1st period - Slapshot by D.J King.
3:51 of 1st period - Shot Misses the Net.
4:54 of 1st period - Arturs Kulda is hit by Kyle Quincey and loses puck.
5:37 of 1st period - Icing by Steven Kampfer.
5:38 of 1st period - Drew Shore wins face-off versus Peter Mueller in Sewer Rats zone.
5:47 of 1st period - Snap shot by Linus Omark.
5:47 of 1st period - Goal by Linus Omark - Sasquatch : 1 - Sewer Rats : 0.
5:48 of 1st period - Peter Mueller wins face-off versus Derek Stepan in neutral zone.
6:15 of 1st period - Slapshot by Brandon Sutter.
6:15 of 1st period - Shot Misses the Net.
6:57 of 1st period - Off-side.
6:58 of 1st period - Peter Mueller wins face-off versus Derek Stepan in neutral zone.
7:07 of 1st period - Snap shot by Ville Leino.
7:07 of 1st period - Stopped by Braden Holtby with a rebound.
8:42 of 1st period - Kevin Klein is hit by Brandon Sutter and loses puck.
9:01 of 1st period - Wrist shot by Josh Bailey.
9:01 of 1st period - Stopped by Cédric Desjardins without a rebound.
9:02 of 1st period - Drew Shore wins face-off versus Peter Mueller in Sewer Rats zone.
9:37 of 1st period - Snap shot by D.J King.
9:37 of 1st period - Goal by D.J King - Sasquatch : 2 - Sewer Rats : 0.
9:38 of 1st period - Peter Mueller wins face-off versus Derek Stepan in neutral zone.
9:57 of 1st period - D.J King is hit by Ville Leino.
10:11 of 1st period - Brandon Sutter is hit by Kevin Porter and loses puck.
10:32 of 1st period - Wrist shot by Kyle Turris.
10:32 of 1st period - Shot Hit the Post.
10:34 of 1st period - Snap shot by Kyle Turris.
10:34 of 1st period - Stopped by Braden Holtby with a rebound.
10:36 of 1st period - Slapshot by Tim Ramholt.
10:36 of 1st period - Stopped by Braden Holtby without a rebound.
10:37 of 1st period - Derek Stepan wins face-off versus Peter Mueller in Sasquatch zone.
10:37 of 1st period - Derek Stepan is hit by Kyle Quincey.
10:45 of 1st period - Slapshot by D.J King.
10:45 of 1st period - Shot Blocked by Peter Mueller.
10:47 of 1st period - Slapshot by Yann Sauvé.
10:47 of 1st period - Shot Misses the Net.
11:10 of 1st period - Slapshot by Brandon Sutter.
11:10 of 1st period - Deflect By Linus Omark.
11:10 of 1st period - Stopped by Braden Holtby with a rebound.
11:26 of 1st period - Wrist shot by Jared Boll.
11:26 of 1st period - Shot Blocked by Linden Vey.
11:36 of 1st period - Slapshot by Linden Vey.
11:36 of 1st period - Shot Misses the Net.
11:52 of 1st period - Snap shot by Cam Atkinson.
11:52 of 1st period - Shot Blocked by Steven Kampfer.
12:06 of 1st period - Snap shot by Jared Boll.
12:06 of 1st period - Shot Hit the Post.
12:14 of 1st period - Backhand shot by Kevin Klein.
12:14 of 1st period - Stopped by Cédric Desjardins without a rebound.
12:15 of 1st period - Derek Stepan wins face-off versus Peter Mueller in Sewer Rats zone.
12:18 of 1st period - Snap shot by Derek Stepan.
12:18 of 1st period - Shot Misses the Net.
12:30 of 1st period - Slapshot by Nick Palmieri.
12:30 of 1st period - Shot Misses the Net.
12:40 of 1st period - Cam Atkinson is hit by Brandon Sutter and loses puck.
13:20 of 1st period - Wrist shot by Linus Omark.
13:20 of 1st period - Shot Misses the Net.
13:24 of 1st period - Snap shot by Matt D'Agostini.
13:24 of 1st period - Shot Blocked by Mattias Ekholm.
13:26 of 1st period - Slapshot by Arturs Kulda.
13:26 of 1st period - Shot Misses the Net.
13:28 of 1st period - Snap shot by Linus Omark.
13:28 of 1st period - Shot Misses the Net.
13:30 of 1st period - Slapshot by Ian Cole.
13:30 of 1st period - Shot Blocked by Jonathan Paiement.
13:44 of 1st period - Snap shot by Josh Bailey.
13:44 of 1st period - Shot Misses the Net.
14:04 of 1st period - Snap shot by Ville Leino.
14:04 of 1st period - Stopped by Braden Holtby with a rebound.
14:06 of 1st period - Slapshot by Jarred Tinordi.
14:06 of 1st period - Stopped by Braden Holtby with a rebound.
14:22 of 1st period - Minor Penalty to Linus Omark for Cross-checking.
14:23 of 1st period - Kevin Porter wins face-off versus Brandon Sutter in Sasquatch zone.
14:28 of 1st period - Vojtech Polak is hit by D.J King and loses puck.
14:35 of 1st period - Snap shot by Brandon Sutter.
14:35 of 1st period - Shot Blocked by Yann Sauvé.
14:51 of 1st period - Yann Sauvé is hit by Peter Mueller and loses puck.
14:58 of 1st period - Snap shot by Peter Mueller.
14:58 of 1st period - Shot Blocked by Kevin Klein.
16:22 of 1st period - Penalty to Linus Omark is over, Linus Omark is back on ice.
16:32 of 1st period - Snap shot by Jared Boll.
16:32 of 1st period - Shot Misses the Net.
16:34 of 1st period - Slapshot by Mattias Ekholm.
16:34 of 1st period - Shot Misses the Net.
16:36 of 1st period - Wrist shot by Jared Boll.
16:36 of 1st period - Shot Misses the Net.
16:38 of 1st period - Slapshot by Jonathan Paiement.
16:38 of 1st period - Shot Misses the Net.
16:56 of 1st period - Slapshot by Lars Eller.
16:56 of 1st period - Shot Blocked by Ian Cole.
16:58 of 1st period - Wrist shot by Derek Dorsett.
16:58 of 1st period - Shot Misses the Net.
17:04 of 1st period - Lars Eller is hit by Jesper Fast and loses puck.
17:18 of 1st period - Minor Penalty to Patrick Bordeleau for Hooking.
17:19 of 1st period - Derek Stepan wins face-off versus Ville Leino in Sewer Rats zone.
17:19 of 1st period - Wrist shot by D.J King.
17:19 of 1st period - Stopped by Cédric Desjardins with a rebound.
17:21 of 1st period - Snap shot by D.J King.
17:21 of 1st period - Shot Misses the Net.
17:23 of 1st period - Wrist shot by Derek Stepan.
17:23 of 1st period - Shot Blocked by Matt Lashoff.
17:25 of 1st period - Snap shot by Nick Leddy.
17:25 of 1st period - Goal by Nick Leddy - Sasquatch : 3 - Sewer Rats : 0.
17:26 of 1st period - Peter Mueller wins face-off versus Cam Atkinson in neutral zone.
17:33 of 1st period - D.J King is hit by Peter Mueller and loses puck.
17:40 of 1st period - Slapshot by D.J King.
17:40 of 1st period - Stopped by Cédric Desjardins without a rebound.
17:41 of 1st period - Brandon Sutter wins face-off versus Kevin Porter in Sewer Rats zone.
17:41 of 1st period - Brandon Sutter is hit by Matt D'Agostini.
18:14 of 1st period - Wrist shot by Jared Boll.
18:14 of 1st period - Stopped by Braden Holtby with a rebound.
18:16 of 1st period - Slapshot by Tim Ramholt.
18:16 of 1st period - Deflect By Jared Boll.
18:16 of 1st period - Shot Misses the Net.
18:16 of 1st period - Puck is out of play.
18:17 of 1st period - Peter Mueller wins face-off versus Derek Stepan in Sasquatch zone.
18:18 of 1st period - Wrist shot by Ville Leino.
18:18 of 1st period - Shot Blocked by Derek Stepan.
18:20 of 1st period - Wrist shot by Peter Mueller.
18:20 of 1st period - Deflect By Cam Atkinson.
18:20 of 1st period - Shot Blocked by Kevin Klein.
18:20 of 1st period - Puck is out of play.
18:21 of 1st period - Cam Atkinson wins face-off versus Peter Mueller in Sasquatch zone.
19:27 of 1st period - Yann Sauvé is hit by Tim Ramholt and loses puck.
19:50 of 1st period - Slapshot by D.J King.
19:50 of 1st period - Shot Blocked by Matt Lashoff.
19:52 of 1st period - Slapshot by Ian Cole.
19:52 of 1st period - Stopped by Cédric Desjardins with a rebound.
19:54 of 1st period - Slapshot by Derek Stepan.
19:54 of 1st period - Stopped by Cédric Desjardins with a rebound.
19:56 of 1st period - Slapshot by Cam Atkinson.
19:56 of 1st period - Shot Blocked by Tim Ramholt.
Goals for this period are 3 for Sasquatch vs 0 for Sewer Rats.
Shots for this period are 12 for Sasquatch vs 10 for Sewer Rats.
2nd period
0:01 of 2nd period - Peter Mueller wins face-off versus Derek Stepan in neutral zone.
0:34 of 2nd period - Wrist shot by Kevin Porter.
0:34 of 2nd period - Stopped by Cédric Desjardins without a rebound.
0:35 of 2nd period - Brandon Sutter wins face-off versus Linus Omark in Sewer Rats zone.
0:52 of 2nd period - Kevin Klein is hit by Mark Mancari.
0:56 of 2nd period - Slapshot by Mark Mancari.
0:56 of 2nd period - Stopped by Braden Holtby with a rebound.
1:02 of 2nd period - Kevin Porter is hit by Steven Kampfer and loses puck.
1:09 of 2nd period - Matt D'Agostini is hit by Brandon Sutter and loses puck.
1:14 of 2nd period - Snap shot by Mark Mancari.
1:14 of 2nd period - Stopped by Braden Holtby without a rebound.
1:15 of 2nd period - Derek Stepan wins face-off versus Peter Mueller in Sasquatch zone.
1:31 of 2nd period - Slapshot by Ville Leino.
1:31 of 2nd period - Shot Misses the Net.
1:40 of 2nd period - Icing by Peter Mueller.
1:41 of 2nd period - Drew Shore wins face-off versus Kyle Turris in Sewer Rats zone.
1:42 of 2nd period - Wrist shot by Linden Vey.
1:42 of 2nd period - Shot Misses the Net.
2:06 of 2nd period - Steven Kampfer is hit by Derek Stepan and loses puck.
2:31 of 2nd period - Slapshot by Kevin Porter.
2:31 of 2nd period - Stopped by Cédric Desjardins with a rebound.
2:33 of 2nd period - Slapshot by Cameron Schilling.
2:33 of 2nd period - Stopped by Cédric Desjardins without a rebound.
2:34 of 2nd period - Kevin Porter wins face-off versus Brandon Sutter in Sewer Rats zone.
2:42 of 2nd period - Off-side.
2:43 of 2nd period - Brandon Sutter wins face-off versus Derek Stepan in neutral zone.
2:46 of 2nd period - Snap shot by Mark Mancari.
2:46 of 2nd period - Shot Blocked by Cam Atkinson.
2:48 of 2nd period - Snap shot by Tim Ramholt.
2:48 of 2nd period - Shot Blocked by Kevin Klein.
2:50 of 2nd period - Snap shot by Brandon Sutter.
2:50 of 2nd period - Shot Misses the Net.
2:52 of 2nd period - Slapshot by Tim Ramholt.
2:52 of 2nd period - Shot Misses the Net.
2:54 of 2nd period - Slapshot by Tim Ramholt.
2:54 of 2nd period - Shot Misses the Net.
2:56 of 2nd period - Snap shot by Tim Ramholt.
2:56 of 2nd period - Deflect By Brandon Sutter.
2:56 of 2nd period - Stopped by Braden Holtby with a rebound.
3:00 of 2nd period - Snap shot by Mark Mancari.
3:00 of 2nd period - Stopped by Braden Holtby without a rebound.
3:01 of 2nd period - Peter Mueller wins face-off versus Kevin Porter in Sasquatch zone.
3:10 of 2nd period - Snap shot by Peter Mueller.
3:10 of 2nd period - Stopped by Braden Holtby with a rebound.
3:12 of 2nd period - Snap shot by Matt Lashoff.
3:12 of 2nd period - Shot Blocked by Matt D'Agostini.
3:32 of 2nd period - Snap shot by Mark Mancari.
3:32 of 2nd period - Goal by Mark Mancari - Sasquatch : 3 - Sewer Rats : 1.
3:33 of 2nd period - Peter Mueller wins face-off versus Derek Stepan in neutral zone.
3:40 of 2nd period - Snap shot by Peter Mueller.
3:40 of 2nd period - Stopped by Braden Holtby with a rebound.
4:02 of 2nd period - Snap shot by Brandon Sutter.
4:02 of 2nd period - Stopped by Braden Holtby without a rebound.
4:03 of 2nd period - Peter Mueller wins face-off versus Kevin Porter in Sasquatch zone.
5:40 of 2nd period - Snap shot by Mark Mancari.
5:40 of 2nd period - Shot Misses the Net.
5:42 of 2nd period - Slapshot by Vojtech Polak.
5:42 of 2nd period - Goal by Vojtech Polak - Sasquatch : 3 - Sewer Rats : 2.
5:43 of 2nd period - Derek Stepan wins face-off versus Peter Mueller in neutral zone.
6:14 of 2nd period - Wrist shot by Mark Mancari.
6:14 of 2nd period - Stopped by Braden Holtby with a rebound.
6:16 of 2nd period - Snap shot by Mark Mancari.
6:16 of 2nd period - Stopped by Braden Holtby without a rebound.
6:17 of 2nd period - Brandon Sutter wins face-off versus Kevin Porter in Sasquatch zone.
6:20 of 2nd period - Backhand shot by Vojtech Polak.
6:20 of 2nd period - Stopped by Braden Holtby with a rebound.
8:03 of 2nd period - Minor Penalty to Cameron Schilling for Holding.
8:04 of 2nd period - Peter Mueller wins face-off versus Kevin Porter in Sasquatch zone.
8:07 of 2nd period - Slapshot by Nick Palmieri.
8:07 of 2nd period - Goal by Nick Palmieri - Sasquatch : 3 - Sewer Rats : 3.
8:08 of 2nd period - Derek Stepan wins face-off versus Peter Mueller in neutral zone.
8:15 of 2nd period - Snap shot by Derek Stepan.
8:15 of 2nd period - Shot Misses the Net.
8:17 of 2nd period - Snap shot by Derek Stepan.
8:17 of 2nd period - Stopped by Cédric Desjardins with a rebound.
8:19 of 2nd period - Slapshot by Nick Leddy.
8:19 of 2nd period - Stopped by Cédric Desjardins with a rebound.
8:23 of 2nd period - Wrist shot by Derek Stepan.
8:23 of 2nd period - Stopped by Cédric Desjardins with a rebound.
9:02 of 2nd period - Wrist shot by Jared Boll.
9:02 of 2nd period - Stopped by Braden Holtby with a rebound.
10:04 of 2nd period - Snap shot by Brock Trotter.
10:04 of 2nd period - Stopped by Cédric Desjardins without a rebound.
10:05 of 2nd period - Brandon Sutter wins face-off versus Tyler Toffoli in Sewer Rats zone.
10:10 of 2nd period - Brock Trotter is hit by Brandon Sutter and loses puck.
10:17 of 2nd period - Snap shot by Brandon Sutter.
10:17 of 2nd period - Shot Misses the Net.
10:35 of 2nd period - Wrist shot by Nick Palmieri.
10:35 of 2nd period - Goal by Nick Palmieri - Sasquatch : 3 - Sewer Rats : 4.
10:36 of 2nd period - Derek Stepan wins face-off versus Ville Leino in neutral zone.
11:01 of 2nd period - Arturs Kulda is hit by Tim Ramholt and loses puck.
11:10 of 2nd period - Slapshot by Kevin Klein.
11:10 of 2nd period - Shot Blocked by Tim Ramholt.
11:27 of 2nd period - Kyle Turris is hit by Josh Bailey and loses puck.
12:25 of 2nd period - Slapshot by Linus Omark.
12:25 of 2nd period - Shot Misses the Net.
12:27 of 2nd period - Wrist shot by Matt D'Agostini.
12:27 of 2nd period - Shot Misses the Net.
12:29 of 2nd period - Wrist shot by Kevin Porter.
12:29 of 2nd period - Stopped by Cédric Desjardins with a rebound.
12:31 of 2nd period - Snap shot by Linus Omark.
12:31 of 2nd period - Goal by Linus Omark - Sasquatch : 4 - Sewer Rats : 4.
12:32 of 2nd period - Peter Mueller wins face-off versus Derek Stepan in neutral zone.
13:25 of 2nd period - Snap shot by Kyle Turris.
13:25 of 2nd period - Shot Misses the Net.
13:27 of 2nd period - Snap shot by Jared Boll.
13:27 of 2nd period - Shot Hit the Post.
13:46 of 2nd period - Wrist shot by Linden Vey.
13:46 of 2nd period - Deflect By Drew Shore.
13:46 of 2nd period - Stopped by Cédric Desjardins with a rebound.
13:48 of 2nd period - Wrist shot by Drew Shore.
13:48 of 2nd period - Stopped by Cédric Desjardins with a rebound.
14:38 of 2nd period - Mattias Ekholm is hit by Yann Sauvé and loses puck.
15:11 of 2nd period - Brandon Sutter is hit by Kevin Porter and loses puck.
15:30 of 2nd period - Slapshot by Nick Leddy.
15:30 of 2nd period - Shot Misses the Net.
15:34 of 2nd period - Wrist shot by Brock Trotter.
15:34 of 2nd period - Shot Misses the Net.
15:44 of 2nd period - Snap shot by Nick Palmieri.
15:44 of 2nd period - Shot Misses the Net.
16:43 of 2nd period - Off-side.
16:44 of 2nd period - Kyle Turris wins face-off versus Tyler Toffoli in neutral zone.
16:47 of 2nd period - Slapshot by Kyle Quincey.
16:47 of 2nd period - Stopped by Braden Holtby with a rebound.
16:49 of 2nd period - Wrist shot by Kyle Turris.
16:49 of 2nd period - Deflect By Jared Boll.
16:49 of 2nd period - Shot Misses the Net.
16:49 of 2nd period - Puck is out of play.
16:50 of 2nd period - Brock Trotter wins face-off versus Peter Mueller in Sasquatch zone.
16:55 of 2nd period - Wrist shot by Brock Trotter.
16:55 of 2nd period - Shot Blocked by Kyle Quincey.
17:13 of 2nd period - Slapshot by Brock Trotter.
17:13 of 2nd period - Stopped by Cédric Desjardins without a rebound.
17:14 of 2nd period - Brandon Sutter wins face-off versus Derek Stepan in Sewer Rats zone.
17:51 of 2nd period - Slapshot by Linus Omark.
17:51 of 2nd period - Shot Blocked by Steven Kampfer.
18:07 of 2nd period - Snap shot by Ville Leino.
18:07 of 2nd period - Shot Blocked by Drew Shore.
19:00 of 2nd period - Slapshot by Matt D'Agostini.
19:00 of 2nd period - Deflect By Kevin Porter.
19:00 of 2nd period - Goal by Kevin Porter - Sasquatch : 5 - Sewer Rats : 4.
19:01 of 2nd period - Peter Mueller wins face-off versus Derek Stepan in neutral zone.
19:03 of 2nd period - Off-side.
19:04 of 2nd period - Peter Mueller wins face-off versus Derek Stepan in neutral zone.
19:53 of 2nd period - Slapshot by Kevin Klein.
19:53 of 2nd period - Shot Hit the Post.
19:57 of 2nd period - Snap shot by Drew Shore.
19:57 of 2nd period - Stopped by Cédric Desjardins with a rebound.
Goals for this period are 2 for Sasquatch vs 4 for Sewer Rats.
Shots for this period are 14 for Sasquatch vs 16 for Sewer Rats.
3rd period
0:01 of 3rd period - Peter Mueller wins face-off versus Derek Stepan in neutral zone.
0:12 of 3rd period - Wrist shot by Nick Palmieri.
0:12 of 3rd period - Stopped by Braden Holtby with a rebound.
0:14 of 3rd period - Slapshot by Tim Ramholt.
0:14 of 3rd period - Stopped by Braden Holtby with a rebound.
0:16 of 3rd period - Wrist shot by Ville Leino.
0:16 of 3rd period - Shot Blocked by Ian Cole.
1:13 of 3rd period - Wrist shot by Kyle Quincey.
1:13 of 3rd period - Deflect By Peter Mueller.
1:13 of 3rd period - Shot Misses the Net.
1:13 of 3rd period - Puck is out of play.
1:14 of 3rd period - Nick Palmieri wins face-off versus D.J King in Sasquatch zone.
1:39 of 3rd period - D.J King is hit by Patrick Bordeleau and loses puck.
2:49 of 3rd period - Snap shot by Vojtech Polak.
2:49 of 3rd period - Shot Blocked by Yann Sauvé.
4:25 of 3rd period - Wrist shot by Matt D'Agostini.
4:25 of 3rd period - Shot Misses the Net.
4:27 of 3rd period - Snap shot by Linus Omark.
4:27 of 3rd period - Stopped by Cédric Desjardins with a rebound.
4:41 of 3rd period - Wrist shot by Brandon Sutter.
4:41 of 3rd period - Shot Misses the Net.
4:46 of 3rd period - Off-side.
4:47 of 3rd period - Peter Mueller wins face-off versus Derek Stepan in neutral zone.
4:59 of 3rd period - Snap shot by Peter Mueller.
4:59 of 3rd period - Shot Misses the Net.
5:01 of 3rd period - Snap shot by Nick Palmieri.
5:01 of 3rd period - Shot Misses the Net.
5:03 of 3rd period - Slapshot by Nick Palmieri.
5:03 of 3rd period - Stopped by Braden Holtby with a rebound.
5:09 of 3rd period - Double Minor Penalty to Derek Stepan for Roughing.
5:10 of 3rd period - Peter Mueller wins face-off versus Drew Shore in Sasquatch zone.
5:17 of 3rd period - Wrist shot by Ville Leino.
5:17 of 3rd period - Goal by Ville Leino - Sasquatch : 5 - Sewer Rats : 5.
5:18 of 3rd period - Drew Shore wins face-off versus Peter Mueller in neutral zone.
6:48 of 3rd period - Icing by Matt Lashoff.
6:49 of 3rd period - Nick Palmieri wins face-off versus Tyler Toffoli in Sewer Rats zone.
7:17 of 3rd period - Penalty to Derek Stepan is over, Derek Stepan is back on ice.
7:51 of 3rd period - Snap shot by Tyler Toffoli.
7:51 of 3rd period - Stopped by Cédric Desjardins with a rebound.
8:03 of 3rd period - Derek Dorsett is hit by Kevin Porter and loses puck.
9:08 of 3rd period - Mark Mancari is hit by Josh Bailey.
9:30 of 3rd period - Kyle Turris is hit by Cameron Schilling and loses puck.
9:50 of 3rd period - Tyler Toffoli is hit by Lars Eller and loses puck.
10:09 of 3rd period - Nick Leddy is hit by Mark Mancari and loses puck.
10:22 of 3rd period - D.J King is hit by Patrick Bordeleau.
10:28 of 3rd period - D.J King is hit by Jared Boll and loses puck.
11:54 of 3rd period - Snap shot by Drew Shore.
11:54 of 3rd period - Stopped by Cédric Desjardins with a rebound.
11:56 of 3rd period - Slapshot by Cameron Schilling.
11:56 of 3rd period - Shot Blocked by Peter Mueller.
12:10 of 3rd period - Matt Lashoff is hit by Kevin Porter and loses puck.
12:37 of 3rd period - Wrist shot by Brock Trotter.
12:37 of 3rd period - Shot Misses the Net.
13:34 of 3rd period - Peter Mueller is hit by Drew Shore and loses puck.
14:33 of 3rd period - Jared Boll is hit by Kevin Klein and loses puck.
15:07 of 3rd period - Yann Sauvé is hit by Tim Ramholt and loses puck.
15:20 of 3rd period - Peter Mueller is hit by Yann Sauvé and loses puck.
15:47 of 3rd period - Jonathan Paiement is hit by Matt D'Agostini and loses puck.
16:13 of 3rd period - Kyle Turris is hit by D.J King and loses puck.
16:26 of 3rd period - Yann Sauvé is hit by Kyle Quincey and loses puck.
16:33 of 3rd period - Wrist shot by Kevin Klein.
16:33 of 3rd period - Shot Blocked by Steven Kampfer.
16:45 of 3rd period - Kyle Quincey is hit by Nick Leddy and loses puck.
17:25 of 3rd period - Nick Palmieri is hit by Nick Leddy and loses puck.
17:42 of 3rd period - Matt Lashoff is hit by Kevin Klein and loses puck.
17:49 of 3rd period - Snap shot by Drew Shore.
17:49 of 3rd period - Stopped by Cédric Desjardins with a rebound.
17:51 of 3rd period - Snap shot by Yann Sauvé.
17:51 of 3rd period - Shot Misses the Net.
18:12 of 3rd period - Yann Sauvé is hit by Jared Boll and loses puck.
18:33 of 3rd period - Backhand shot by Derek Stepan.
18:33 of 3rd period - Stopped by Cédric Desjardins with a rebound.
18:35 of 3rd period - Backhand shot by Derek Stepan.
18:35 of 3rd period - Shot Misses the Net.
19:22 of 3rd period - Icing by D.J King.
19:23 of 3rd period - Peter Mueller wins face-off versus Josh Bailey in Sasquatch zone.
19:30 of 3rd period - Minor Penalty to Drew Shore for Interference.
19:31 of 3rd period - Kevin Porter wins face-off versus Peter Mueller in Sasquatch zone.
19:45 of 3rd period - Off-side.
19:46 of 3rd period - Brandon Sutter wins face-off versus Kevin Porter in neutral zone.
19:48 of 3rd period - Off-side.
19:49 of 3rd period - Vojtech Polak wins face-off versus Kevin Porter in neutral zone.
Goals for this period are 0 for Sasquatch vs 1 for Sewer Rats.
Shots for this period are 5 for Sasquatch vs 4 for Sewer Rats.
Overtime #1
0:01 of 1st overtime period - Kevin Porter wins face-off versus Ville Leino in neutral zone.
0:16 of 1st overtime period - Snap shot by Ville Leino.
0:16 of 1st overtime period - Shot Hit the Post.
1:30 of 1st overtime period - Penalty to Drew Shore is over, Drew Shore is back on ice.
1:32 of 1st overtime period - Drew Shore is hit by Mark Mancari and loses puck.
1:45 of 1st overtime period - Jared Boll is hit by Brock Trotter and loses puck.
2:23 of 1st overtime period - Slapshot by Derek Dorsett.
2:23 of 1st overtime period - Shot Misses the Net.
2:51 of 1st overtime period - Linus Omark is hit by Steven Kampfer and loses puck.
3:31 of 1st overtime period - Jared Boll is hit by Kevin Klein and loses puck.
3:56 of 1st overtime period - Snap shot by Mark Mancari.
3:56 of 1st overtime period - Shot Misses the Net.
4:48 of 1st overtime period - Snap shot by Nick Palmieri.
4:48 of 1st overtime period - Stopped by Braden Holtby with a rebound.
4:57 of 1st overtime period - Icing by Mark Mancari.
4:58 of 1st overtime period - Derek Stepan wins face-off versus Nick Palmieri in Sewer Rats zone.
Goals for this period are 0 for Sasquatch vs 0 for Sewer Rats.
Shots for this period are 0 for Sasquatch vs 1 for Sewer Rats.
ShootOut
5:00 of 1st overtime period - Penalty Shot by Cam Atkinson for Sasquatch.
5:00 of 1st overtime period - Snap shot by Cam Atkinson.
5:00 of 1st overtime period - Stopped by Cédric Desjardins.
5:00 of 1st overtime period - Penalty Shot by Ville Leino for Sewer Rats.
5:00 of 1st overtime period - Deke by Ville Leino.
5:00 of 1st overtime period - Goal by Ville Leino.
5:00 of 1st overtime period - Penalty Shot by Linus Omark for Sasquatch.
5:00 of 1st overtime period - Deke by Linus Omark.
5:00 of 1st overtime period - Goal by Linus Omark.
5:00 of 1st overtime period - Penalty Shot by Peter Mueller for Sewer Rats.
5:00 of 1st overtime period - Wrist shot by Peter Mueller.
5:00 of 1st overtime period - Goal by Peter Mueller.
5:00 of 1st overtime period - Penalty Shot by Matt D'Agostini for Sasquatch.
5:00 of 1st overtime period - Wrist shot by Matt D'Agostini.
5:00 of 1st overtime period - Stopped by Cédric Desjardins.
Back to the Top